 BcadrenCrawl: Boulder Brew version 0.06.7.3-23-g1ca577db0e (webtiles) character file.

Game seed: 1351200984327250791

66 MackTheKnife the Magician (level 3, 0/36 HPs) Deep Elf Fire Elementalist. Began on Nov 17, 2023. Killed from afar by themself (23 damage) ... with a foxfire ... on level 1 of the Dungeon. The game lasted 00:01:43 (1337 turns).

MackTheKnife the Magician (DEFE)                    Turns: 1337, Time: 00:01:43

Health: 0/36       AC:  2    Str:  5    XL:     3 ^: 2
Magic:  5/11       EV: 13    Int: 19    God:
Gold:   44         SH:  0    Dex: 16    Spells: 5/11 levels left

rFire    . . .     Slash    x   d - +0 dagger {short}
rCold    . . .     Pierce   .   (no weapon)
rNeg     . . .     Bludgeon .   a - +0 robe
rCorr    . . .     Vision   .   (no helmet)
rPois    .                      (no cloak)
rElec    .                      (no gloves)
MR       .....                  (no boots)
HPRegen  0.22/turn              (no amulet)
MPRegen  0.21/turn              (no ring)
Stlth    ++........             (no ring)

@: no status effects
A: soft flesh
a: no special abilities


You were on level 1 of the Dungeon.
You were not hungry.

You visited 1 branch of the dungeon, and saw 2 of its levels.

You collected 44 gold pieces.


Innate Abilities, Weirdness & Mutations

Your soft flesh is weak to deep cuts.
Heavy manmade armour will nullify this weakness. (rSlashing-)


   Skills:
 - Level 2.4 Dodging
 - Level 2.4 Stealth
 + Level 4.6 Spellcasting
 + Level 4.4 Fire Magic


You had 5 spell levels left.
You knew the following spells:

 Your Spells              Type           Power        Failure   Level  Hunger
a - Foxfire               Fire           21 (25)      1%          1    0
b - Searing Ray Fire 21 (50) 3% 2 0-32 c - Conjure Flame Fire           21 (100)     6%          3    32-92

Your spell library contained the following spells:

 Spells                   Type           Power        Failure   Level  Hunger
 Inner Flame Hex/Fire 12 (100) 16% 3 32-92 Sticky Flame Fire/Pois 12 (100) 45% 4 112-212 Fireball Fire           21 (200)     50%         5    232-392

Inventory:

Weapons
 d - a +0 dagger (weapon) {short}
   (You took it off a kobold on level 1 of the Dungeon)
Armour
 a - a +0 robe (worn)
Jewellery
 e - an uncursed ring of fire
   (You took it off a kobold on level 1 of the Dungeon)
 f - an uncursed ring of protection
   (You took it off a goblin on level 1 of the Dungeon)
Scrolls
 b - a scroll of teleportation {@r4}
 h - a scroll of enchantment
 i - a scroll of immolation {!r!r}
Potions
 g - a potion of curing {@q1}
 j - a potion of lignification {!q}
Comestibles
 c - 4 rations {@e2}

Dungeon Overview and Level Annotations

Branches:
Dungeon (2/8)

Altars:

....#...####..##....# #.#.####..
....'...'.....##.#..# #.#.# #..
...##...####...#.#..####.#.####..
...##...# #.#...............###'
...##...# #.#...#...###.#.### #.
...##...# #.#...#.......#.#####.
...###### #.#...##..###.........
...# ###+#.**##..# ###.###.#.
#### #.....#@##..#####.# #.#.
#.....#KK.........# #.#. #####
#......>##..####### #.#. #...#
#)....≈..#..# #.#. ##...#
#####....+..# #.#. ##...#####
#....#.## ##.#. .........#
#....#+#########....
.........#####...................
.........'.......................


You could see a big kobold and a kobold.


Message History

You enter the shallow water.
Moving in this stuff is going to be slow.
There is a stone staircase leading down here.
You climb downwards.
Connectivity tunneler affected sewer_minmay_ubend at (53, 11) in D:2.
A ball python, a worm, a giant cockroach and 4 kobolds come into view.
There is a stone staircase leading up here.
The ball python hisses angrily.
You climb upwards.
There is a stone staircase leading down here.
There is an open door here.
As you open the door, it creaks loudly!
There is an open door here.
There is a stone staircase leading down here.
You climb downwards.
The big kobold shouts!
You hear a shout!
The big kobold hits the slimehead (1).
It resists.
There is a stone staircase leading up here.
You conjure some foxfire!
The kobold shouts!
A bullfrog comes into view. 😎 MP[-1]
You lost 1 mp, and now have 9/10 mp.
You conjure some foxfire!
The foxfire hits the ball python (3).
You kill the ball python!
You hear a splash.
The foxfire hits the worm (5). 😎 MP[-1]
You lost 1 mp, and now have 8/10 mp.
You conjure some foxfire!
The foxfire hits the worm (3).
The foxfire hits the worm (1). 😎 MP[-1]
You lost 1 mp, and now have 7/10 mp.
Unknown command.
You conjure some foxfire!
The foxfire hits the worm (6).
The foxfire hits the kobold (3).
The bullfrog throws its tongue at you. The bullfrog's tongue lashes you (3).
You are wrenched violently forward by the bullfrog's tongue!
Splash!
You fall into the shallow water.
Moving in this stuff is going to be slow.
The bullfrog bites you.
The bullfrog body-slams you but does no damage. 😕 HP[-3] MP[-1]
You take 3 damage, and now have 33/36 hp.
You lost 1 mp, and now have 6/10 mp.
Unknown command.
You conjure some foxfire!
The foxfire hits the kobold (5).
You kill the kobold!
The foxfire hits the worm (4).
You kill the worm!
Unknown command.
You conjure some foxfire!
The foxfire hits the bullfrog (4).
The foxfire hits the bullfrog (3). 😕 MP[-1]
You lost 1 mp, and now have 5/11 mp.
Unknown command.
Unknown command.
You conjure some foxfire!
The foxfire hits the bullfrog (2).
The bullfrog is engulfed in a cloud of scalding steam (16)!
You kill the bullfrog!
You hear a splash. 😕 HP[+1] MP[-1]
You lost 1 mp, and now have 4/11 mp.
The foxfire hits the big kobold (2).
The foxfire hits the big kobold but does no damage.
The foxfire hits the big kobold (3).
The big kobold closely misses you.
The kobold drinks a potion.
The kobold suddenly seems more agile.
The kobold hits you with a +0 club (4).
There is a stone staircase leading up here. 😕 HP[-4]
You take 4 damage, and now have 30/36 hp.
Unknown command.
Unknown command.
The big kobold hits you (2).
The kobold splashes around in the water.
You climb upwards.
There is a stone staircase leading down here. 😕 HP[-1] MP[+1]
You take 1 damage, and now have 29/36 hp.
You enter the shallow water.
Moving in this stuff is going to be slow.
The big kobold hits you (1). 😕 HP[-1]
You take 1 damage, and now have 28/36 hp. 😕 MP[+1]
You conjure some foxfire!
The kobold hits you with a +0 club (6).
The big kobold hits you but does no damage. 😮 HP[-6] MP[-1]
You take 6 damage, and now have 22/36 hp.
You lost 1 mp, and now have 5/11 mp.
Really attack your foxfire? [Y]es or [N]o only, please.
Really attack your foxfire?
You hit your foxfire (1).
It resists.
You hit the foxfire but do no damage.
The foxfire hits your lifeless body (23)!!
Ouch! That really hurt!
You die...

Skill      XL: |  1  2 |
---------------+-------+-----
Spellcasting   | 4 |  4.6
Fire Magic     | 4 |  4.4
Dodging        | |  2.4
Stealth        | |  2.4

Action                   || total
-------------------------++-------
Melee: Dagger            ||     3
       Unarmed           ||     2
 Cast: Foxfire           ||    52
       Searing Ray       ||     1
  Eat: Chunk             ||     1
Armor: Robe              ||     2
Dodge: Dodged            ||     3

Levels and vault maps discovered:
D:1:      kilobyte_arrival_exit_the_forest, layout_basic
D:2:      layout_sewer, general_overflow_altar, sewer_minmay_ubend,
          first_ration, serial_shops, nicolae_shop_trees,
          minmay_shop_grid_forest, uniq_robin, uniq_sigmund

Notes
Turn   | Place    | Note
-------+----------+-------------------------------------------
     0 | D:1      | MackTheKnife the Deep Elf Fire Elementalist began the quest
                  | for the Orb.
     0 | D:1      | Reached XP level 1. HP: 21/21 MP: 6/6
     0 | D:1      | magus.rc [v1.9.6]
    59 | D:1      | Reached XP level 2. HP: 28/28 MP: 5/8
    62 | D:1      | Learned a level 2 spell: Searing Ray
   358 | D:1      | Reached skill level 4 in Spellcasting
   383 | D:1      | Reached skill level 4 in Fire Magic
   447 | D:1      | Reached XP level 3. HP: 36/36 MP: 6/10
   638 | D:1      | Learned a level 3 spell: Conjure Flame
  1290 | D:2      | Connectivity tunneler affected sewer_minmay_ubend.
  1290 | D:2      | Noticed a big kobold
  1337 | D:1      | Killed from afar by themself

Vanquished Creatures
  A giant cockroach (D:1)
  A worm (D:2)
  A cinder newt (D:1)
  A bullfrog (D:2)
  2 oozes (D:1)
  2 leopard geckos (D:1)
  4 goblins (D:1)
  3 hobgoblins (D:1)
  A ball python (D:2)
  4 kobolds
  4 rats (D:1)
24 creatures vanquished.

Vanquished Creatures (others)
  89 foxfires
89 creatures vanquished.

Grand Total: 113 creatures vanquished

Table legend:
 A = Non-vault XP
 B = Vault XP
 C = Vault XP percentage of total XP
 D = Non-vault monster count
 E = Vault monster count
 F = Vault count percentage of total count
                 A         B        C        D         E       F
            +---------+---------+-------+---------+---------+-------
      Total |      95 |       0 |   0.0 |      24 |       0 |   0.0
            +---------+---------+-------+---------+---------+-------
        D:1 |      73 |       0 |   0.0 |      20 |       0 |   0.0
        D:2 |      22 |       0 |   0.0 |       4 |       0 |   0.0
            +---------+---------+-------+---------+---------+-------

Illustrated notes

Table legend:
 A = Kills in this place as a percentage of kills in entire the game.
 B = Kills by you in this place as a percentage of kills by you in the entire game.
 C = Kills by friends in this place as a percentage of kills by friends in the entire game.
 D = Other kills in this place as a percentage of other kills in the entire game.
 E = Experience gained in this place as a percentage of experience gained in the entire game.
 F = Experience gained in this place divided by the number of levels of this place that you have seen.
                   A       B       C       D       E      F
               +-------+-------+-------+-------+-------+----------------------
         Total | 100.0 | 100.0 |   N/A |   N/A | 100.0 |  47.5
       Dungeon | 100.0 | 100.0 |   N/A |   N/A | 100.0 |  47.5
               +-------+-------+-------+-------+-------+----------------------

Table legend: (Time is in decaauts)
 A = Elapsed time spent in this place.
 B = Non-inter-level travel time spent in this place.
 C = Inter-level travel time spent in this place.
 D = Time resting spent in this place.
 E = Time spent auto-exploring this place.
 F = Levels seen in this place.
 G = Mean time per level.
                   A        B        C        D        E       F      G
               +--------+--------+--------+--------+--------+-----+--------+
         Total |   1348 |   1301 |     47 |    166 |    944 |   2 |  674.0 |
       Dungeon |   1348 |   1301 |     47 |    166 |    944 |   2 |  674.0 |
               +--------+--------+--------+--------+--------+-----+--------+

Top non-repeatable levels by time:
     D:1: 1334 daAuts
     D:2: 13 daAuts
